 Dungeon Crawl Stone Soup version 0.23.1-37-gaa34b87b72 (webtiles) character file.

Game seed: 16653712547577646475

255 Lusmu the Skirmisher (level 6, -4/51 HPs)
             Began as a Merfolk Berserker on Mar 26, 2019.
             Was a Believer of Trog.
             Slain by a scorpion (5 damage)
             ... on level 5 of the Dungeon.
             The game lasted 00:10:11 (3715 turns).

Lusmu the Skirmisher (Merfolk Berserker)            Turns: 3715, Time: 00:10:12

Health: -4/51      AC: 10    Str: 18    XL:     6   Next: 15%
Magic:  6/6        EV: 12    Int:  9    God:    Trog [**....]
Gold:   194        SH:  0    Dex: 16    Spells: 5/5 levels left

rFire    + . .     SeeInvis .   a - +0 falchion
rCold    . . .     Gourm    .   (no shield)
rNeg     . . .     Faith    +   f - +0 ring mail
rPois    .         Spirit   .   y - +0 helmet
rElec    .         Reflect  .   d - +0 cloak
rCorr    .         Harm     .   o - +0 pair of gloves
MR       .....     Clarity  +   e - +0 pair of boots
Stlth    ++........             g - amulet of faith
HPRegen  0.17/turn              m - +1 ring of protection
MPRegen  0.10/turn              (no ring)

@: lethally poisoned (-4 -> -17)
A: change form in water, swift swim, stealthy swim, agile 1, clarity, clever 1,
fire resistance 1
a: Berserk, Trog's Hand, Renounce Religion


You were on level 5 of the Dungeon.
You worshipped Trog.
Trog was pleased with you.
You were not hungry.

You visited 2 branches of the dungeon, and saw 6 of its levels.

You collected 194 gold pieces.

Inventory:

Hand Weapons
 a - a +0 falchion (weapon)
Missiles
 i - 2 throwing nets (quivered)
 w - 2 javelins of returning
Armour
 d - a +0 cloak (worn)
 e - a +0 pair of boots (worn)
 f - a +0 ring mail (worn)
 o - a +0 pair of gloves (worn)
 y - a +0 helmet (worn)
Jewellery
 g - an amulet of faith (around neck)
 m - a +1 ring of protection (left hand)
Scrolls
 b - a scroll of holy word {unknown}
 h - 2 scrolls of teleportation
 k - 2 scrolls of enchant armour
 l - a scroll of noise
 u - a scroll of enchant weapon {unknown}
 x - a scroll of amnesia {unknown}
 z - a scroll of fog {unknown}
Potions
 j - a potion of lignification
 n - a potion of brilliance
 p - a potion of flight {unknown}
 q - a potion of mutation
 r - 4 potions of curing
 s - a potion of resistance {unknown}
 v - a potion of magic {unknown}
Comestibles
 c - 11 rations
 t - 4 chunks of flesh


   Skills:
 + Level 5.0 Fighting
 + Level 5.0 Long Blades
 - Level 1.4 Armour
 - Level 2.8 Dodging
 + Level 3.6 Stealth


You had 5 spell levels left.
You didn't know any spells.
Your spell library was empty.

Dungeon Overview and Level Annotations

Branches:
Dungeon (5/15)             Temple (1/1) D:5

Altars:
Ashenzari
Elyvilon
Fedhas
Gozag
Hepliaklqana
Kikubaaqudgha
Makhleb
Ru
Sif Muna
Trog
Uskayaw
Vehumet
Wu Jian
Yredelemnul
Zin
The Shining One

Annotations:
D:2 Sigmund


Innate Abilities, Weirdness & Mutations

You revert to your normal form in water You are very nimble and swift while swimming.
You are very stealthy in the water. (Stealth+)
You are agile. (Dex +2)
You possess an exceptional clarity of mind.
Your mind is acute. (Int +2)
Your flesh is heat resistant. (rF+)


Message History

The scorpion stings you but does no damage.
You completely miss the scorpion.
The scorpion is severely wounded.
You feel sick. The scorpion stings you.
* * * LOW HITPOINT WARNING * * *
You hit the scorpion but do no damage.
The scorpion is severely wounded.
* * * LOW HITPOINT WARNING * * *
You feel sick. The scorpion stings you.
* * * LOW HITPOINT WARNING * * *
You hit the scorpion.
The scorpion is severely wounded.
* * * LOW HITPOINT WARNING * * *
You feel sick. The scorpion stings you.
* * * LOW HITPOINT WARNING * * *
You hit the scorpion but do no damage.
The scorpion is severely wounded.
* * * LOW HITPOINT WARNING * * *
You feel sick. The scorpion stings you.
You die...

........... #.
..#....#.#. #.##### #
#....#.#. #.....#
#....#.## +.....#
#....# #.....# .#
#.....+ .# #.s...# #
.## #.@...# ...#...
##+#.....# ..#....
#.....#### ###..+....
#.....#######...##....
#.....'...##P.P.#.....
#.....###.###.###.....
#.....###÷P#...#P.....
#............>........
######....P#...#P.....


You could see a scorpion.

Vanquished Creatures
  An ogre (D:4)
  A hound (D:5)
  A worker ant (D:5)
  4 adders
  4 worms
  2 dart slugs
  3 leopard geckos
  3 orcs (D:4)
  A giant cockroach (D:5)
  4 goblins
  11 hobgoblins
  8 jackals
  4 kobolds
  A ball python (D:1)
  4 bats
  4 frilled lizards
  6 rats
62 creatures vanquished.

Notes
Turn   | Place    | Note
-------+----------+-------------------------------------------
     0 | D:1      | Lusmu the Merfolk Berserker began the quest for the Orb.
     0 | D:1      | Reached XP level 1. HP: 18/18 MP: 1/1
   237 | D:1      | Reached XP level 2. HP: 24/24 MP: 2/2
   502 | D:1      | Reached skill level 1 in Stealth
   588 | D:1      | Reached XP level 3. HP: 30/30 MP: 3/3
   656 | D:1      | Reached ** piety under Trog
  1302 | D:2      | Found a sacrificial altar of Ru.
  1347 | D:2      | Reached XP level 4. HP: 37/37 MP: 4/4
  1434 | D:2      | Noticed Sigmund
  1718 | D:3      | Found a hazy altar of Hepliaklqana.
  2556 | D:4      | Noticed an ogre
  2565 | D:4      | Killed an ogre
  2565 | D:4      | Reached XP level 5. HP: 35/43 MP: 5/5
  2973 | D:4      | Found a burning altar of Makhleb.
  2973 | D:4      | Found a shattered altar of Ashenzari.
  2973 | D:4      | Noticed an orc warrior
  2975 | D:4      | Noticed a phantom
  3232 | D:3      | Gained mutation: Your mind is acute. (Int +2) [potion of
                  | mutation]
  3232 | D:3      | Gained mutation: You possess an exceptional clarity of
                  | mind. [potion of mutation]
  3232 | D:3      | Gained mutation: You are agile. (Dex +2) [potion of
                  | mutation]
  3232 | D:3      | Gained mutation: Your flesh is heat resistant. (rF+)
                  | [potion of mutation]
  3322 | D:5      | Entered Level 5 of the Dungeon
  3482 | D:5      | Got a distressingly furry cloak
  3493 | D:5      | Identified the cursed +0 cloak of Resonance {rF- MP+9
                  | Int+5} (You found it on level 5 of the Dungeon)
  3512 | D:5      | Reached skill level 5 in Fighting
  3512 | D:5      | Reached skill level 5 in Long Blades
  3512 | D:5      | Reached XP level 6. HP: 37/51 MP: 6/6
  3517 | D:5      | Found a staircase to the Ecumenical Temple.
  3539 | Temple   | Entered the Ecumenical Temple
  3714 | D:5      | HP: 2/51 [scorpion (6)]
  3715 | D:5      | Slain by a scorpion

Skill      XL: |  1  2  3  4  5 |
---------------+----------------+-----
Stealth        | 1 3 |  3.6
Fighting       | 4 5 |  5.0
Long Blades    | 4 5 |  5.0
Armour         | |  1.4
Dodging        | |  2.8

Action                   |  1- 3 |  4- 6 || total
-------------------------+-------+-------++-------
Melee: Falchion          |   111 |   144 ||   255
  Use: Potion            |       |     4 ||     4
       Scroll            |       |     8 ||     8
 Stab: Sleeping          |       |     2 ||     2
  Eat: Chunk             |     2 |     7 ||     9
Armor: Animal skin       |     7 |       ||     7
       Ring mail         |    45 |    45 ||    90
Dodge: Dodged            |   109 |    76 ||   185
       Rpst.: Falchion   |    34 |    24 ||    58
